cohdb
Replays
Latest Replays
All Replays
Popular Replays
Top Player Replays
Match Explorer
How It Works
Community
CoH3 Stats
Reddit
Sign in to upload your games and track your stats! →
Sign in with Steam
Match 39633190
Unlisted
Match 39633190
Overview
Messages
Build Orders
End
Construct Barracks
Selects Advanced Infantry Battlegroup
Riflemen Squad
Riflemen Squad
Riflemen Squad
Grenade Package
Riflemen Squad
Construct Medical Station
Selects Convert to Ranger Squad
Mechanized Support Center
Selects Frontline Medical Station
M1918 Browning Automatic Rifles
Frontline Medical Station
Hjax
Kylen
runningDuck
Miudai
打飞医保卡
✠Panzer.Lehr.Div✠ Maj.Erika
I.S.M.A.I.L
Aldon Heiter
0
0
Comments
sign in to comment!
No comments posted yet!